 Dungeon Crawl Stone Soup version 0.17-a0-2101-g0c122e7 (webtiles) character file.

211 radek the Conjurer (level 5, -4/28 HPs)
             Began as a Deep Elf Conjurer on Oct 18, 2015.
             Slain by an ogre
             ... wielding a +0 giant club
              (12 damage)
             ... on level 3 of the Dungeon.
             The game lasted 00:14:34 (3611 turns).

radek the Conjurer (Deep Elf Conjurer)              Turns: 3611, Time: 00:14:35

Health: -4/28      AC:  3    Str:  6    XL:     5   Next: 57%
Magic:  5/11       EV: 13    Int: 20    God:
Gold:   247        SH:  0    Dex: 15    Spells: 2 memorised, 4 levels left

rFire  . . .     SeeInvis .     d - +2 dagger (drain)
rCold  . . .     Clarity  +     a - +0 robe
rNeg   . . .     SustAt   .     (no shield)
rPois  .         Gourm    .     l - +1 hat
rElec  .         Spirit   .     (no cloak)
rCorr  .         Warding  .     (no gloves)
rMut   .         Stasis   .     (no boots)
MR     .....                    k - amulet of clarity
Stlth  ++........               (no ring)
                                (no ring)

@: not resistant to hostile enchantments, unstealthy
A: no striking features
a: no special abilities


You were on level 3 of the Dungeon.
You were not hungry.

You visited 1 branch of the dungeon, and saw 4 of its levels.

You collected 247 gold pieces.

Inventory:

Hand Weapons
 d - a +2 dagger of draining (weapon)
Armour
 a - a +0 robe (worn)
 l - a +1 hat (worn)
Jewellery
 k - an amulet of clarity (around neck)
Wands
 r - a wand of teleportation (4)
 v - a wand of flame (48)
Scrolls
 j - 2 scrolls of remove curse
 m - a scroll of recharging
 n - 2 scrolls of teleportation
 p - 3 scrolls of identify
 u - 2 scrolls of enchant weapon
 w - a scroll of enchant armour
Potions
 e - a potion of degeneration {unknown}
 f - a potion of agility {unknown}
 g - 2 potions of curing {unknown}
 i - a potion of mutation {unknown}
 o - a potion of ambrosia {unknown}
 q - 2 potions of poison {unknown}
 x - a potion of berserk rage {unknown}
Books
 b - a book of Conjurations

   Spells                             Type                      Level
   a - Magic Dart                     Conjuration                  1
   b - Searing Ray                    Conjuration                  2
   c - Dazzling Spray                 Conjuration/Hexes            3
   d - Fulminant Prism                Conjuration/Hexes            4
   e - Iskenderun's Mystic Blast      Conjuration                  4
   f - Iskenderun's Battlesphere      Conjuration/Charms           5
Comestibles
 c - 3 bread rations
 h - a meat ration
 t - 2 fruits


   Skills:
 - Level 0.8 Short Blades
 - Level 2.4 Dodging
 - Level 2.4 Stealth
 - Level 3.0 Spellcasting
 - Level 7.4 Conjurations


You had 4 spell levels left.
You knew the following spells:

 Your Spells              Type           Power        Failure   Level  Hunger
a - Magic Dart            Conj           ####         1%          1    None
b - Iskenderun's Battles  Conj/Chrm      ###.....     89%         5    ######.


Dungeon Overview and Level Annotations

Branches:
Dungeon (4/15)
 Temple: D:4-7

Altars:
Dithmenos

Annotations:
D:4 Shiggs's ghost, amateur FoFi


Message History

The ogre is heavily wounded.
The quokka bites you. The ogre misses you.
Casting: Magic Dart
Confirm with . or Enter, or press ? or * to list all spells.
Aiming: Magic Dart
Press: ? - help, Shift-Dir - straight line, f/p - ogre
Aim: an ogre, wielding a giant club (heavily wounded)
The magic dart hits the ogre.
The ogre is heavily wounded.
The quokka bites you.
* * * LOW HITPOINT WARNING * * *
Casting: Magic Dart
Confirm with . or Enter, or press ? or * to list all spells.
Aiming: Magic Dart
Press: ? - help, Shift-Dir - straight line, f/p - ogre
Aim: an ogre, wielding a giant club (heavily wounded)
The magic dart hits the ogre.
The ogre is severely wounded.
The ogre hits you with a giant club!
You die...

##.#.### #........#
.....# #########
#.#.....## ##...#
#..[....# #.##...## #...#
#.#####.# #.###.## ##...#
#.# #.# #.###.#### ..<..#
#.# #.# #......)..
###..#####.# ###.###
#####.#### ...........#
#.....# #.# #
###....#####
#.O@..#########.#
.##.##.#
#.r.............#
.##.##.#
#.....##(..######
.##.##.#######.....##.#.#
...............#.####.#.#
.#####.#########.# #.#.#
.# #.# #.# #.#.#########
.# #.# ##.# #.#..........
.#####.# #..#
#.###########


You could see an ogre and a quokka.

Vanquished Creatures
  An ogre (D:4)
  4 adders
  An ooze (D:1)
  3 worms (D:2)
  4 giant geckos
  2 giant cockroaches (D:3)
  14 hobgoblins
  4 jackals
  A quokka (D:2)
  A ball python (D:1)
  3 bats
  A giant gecko skeleton (D:4)
  7 giant newts
  11 goblins
  8 kobolds
  12 rats
77 creatures vanquished.

Notes
Turn   | Place    | Note
--------------------------------------------------------------
     0 | D:1      | radek the Deep Elf Conjurer began the quest for the Orb.
     0 | D:1      | Reached XP level 1. HP: 10/10 MP: 6/6
   279 | D:1      | Reached XP level 2. HP: 15/15 MP: 6/8
   319 | D:1      | Reached skill level 5 in Conjurations
   773 | D:1      | Reached XP level 3. HP: 19/19 MP: 7/9
  1442 | D:2      | Found a shadowy altar of Dithmenos.
  1686 | D:2      | Reached skill level 6 in Conjurations
  1858 | D:2      | Reached XP level 4. HP: 24/24 MP: 2/10
  3326 | D:4      | Noticed an ogre
  3333 | D:4      | Killed an ogre
  3333 | D:4      | Reached skill level 7 in Conjurations
  3333 | D:4      | Reached XP level 5. HP: 24/28 MP: 3/11
  3418 | D:4      | Noticed Shiggs's ghost (amateur FoFi)
  3494 | D:4      | Learned a level 5 spell: Iskenderun's Battlesphere
  3599 | D:4      | Noticed an ogre
  3611 | D:3      | Slain by an ogre

Vault maps used:
D:1:      erik_arrival_triangle_small, nrook_mini_vaults, minmay_lizard_king
D:2:      lemuel_round_altar, nrook_mini_backslash
D:3:      kennysheep_crisscross
D:4:      lemuel_doored_altar, uniq_grinder

Action                   |  1- 3 |  4- 6 || total
-------------------------+-------+-------++-------
Melee: Dagger            |     5 |       ||     5
 Cast: Magic Dart        |    90 |    79 ||   169
  Use: Scroll            |       |     7 ||     7
  Eat: Chunk             |     1 |     5 ||     6
       Pizza             |     1 |       ||     1
